 Dungeon Crawl Stone Soup version 0.29.0-4-gdea44cf6ec (webtiles) character file.

Game seed: 18149173759128833309

46 qw the Chopper (level 3, 0/21 HPs)
             Began as a Tengu Warper on Aug 28, 2022.
             Slain by a gnoll
             ... wielding a +0 halberd
              (8 damage)
             ... on level 2 of the Dungeon.
             The game lasted 00:00:08 (1433 turns).

qw the Chopper (Tengu Warper)                       Turns: 1433, Time: 00:00:08

Health: 0/21       AC:  8    Str: 13    XL:     3   Next: 68%
Magic:  7/7        EV:  6    Int: 13    God:
Gold:   96         SH:  0    Dex: 13    Spells: 6/6 levels left

rFire   . . .      SeeInvis .   Y - +0 hand axe
rCold   . . .      Faith    .   (no shield)
rNeg    . . .      Spirit   .   e - +0 chain mail
rPois   .          Reflect  .   (helmet restricted)
rElec   .          Harm     .   (no cloak)
rCorr   .          Rampage  .   (no gloves)
Will    .....                   (boots unavailable)
Stlth   ..........              (no amulet)
HPRegen 0.07/turn               (no ring)
MPRegen 0.10/turn               (no ring)

@: no status effects
A: beak, talons 3
a: no special abilities


You were on level 2 of the Dungeon.
You visited 1 branch of the dungeon, and saw 2 of its levels.

You collected 96 gold pieces.


Innate Abilities, Weirdness & Mutations

You have a beak for a mouth.
You have claws for feet.


   Skills:
 - Level 2.0 Fighting
 + Level 4.3 Axes
 - Level 1.0 Throwing
 - Level 1.1 Armour
 - Level 2.1 Dodging
 - Level 2.0 Spellcasting
 - Level 2.4 Translocations


You had 6 spell levels left.
You didn't know any spells.
Your spell library contained the following spells:

 Spells                   Type           Power      Damage    Failure   Level
 Blink                    Tloc           14%        N/A       99%         2
 Gell's Gravitas          Tloc           7%         N/A       100%        3
 Lesser Beckoning         Tloc           7%         N/A       100%        3
 Teleport Other           Tloc           7%         N/A       100%        3
 Manifold Assault         Tloc           7%         N/A       100%        5

Inventory:

Hand Weapons
 f - a +0 whip
 Y - a +0 hand axe (weapon)
Missiles
 h - 2 silver javelins (quivered)
Armour
 e - a +0 chain mail (worn)
Scrolls
 a - a scroll of identify {unknown}
 b - a scroll of amnesia {unknown}
Potions
 d - a potion of flight {unknown}
 i - a potion of heal wounds {unknown}
 k - 2 potions of curing

Dungeon Overview and Level Annotations

Branches:
Dungeon (2/15)

Altars:


Message History

There is a stone staircase leading down here.
A ball python comes into view.
The ball python hisses angrily.
Throw: 3 javelins (silver)
Press: ? - help, Q - select action Shift-Dir - straight line, f - ball python You throw a silver javelin.
The silver javelin pierces through the ball python!
You kill the ball python!
h - 3 silver javelins (gained 1)
An endoplasm comes into view.
The endoplasm quivers.
Enter note: Throw: 3 javelins (silver)
Press: ? - help, Q - select action Shift-Dir - straight line, f - endoplasm You throw a silver javelin.
The silver javelin pierces through the endoplasm!
You kill the endoplasm!
You hear an angry hiss.
A gnoll comes into view. It is wielding a +0 halberd.
A ball python comes into view.
1423 ||| Stepping ~*~*~tactically~*~*~ (stealth).
The gnoll shouts!
You hear a shout! x3
1425 ||| Stepping ~*~*~tactically~*~*~ (hiding).
1426 ||| Stepping ~*~*~tactically~*~*~ (hiding).
You hit the ball python.
You kill the ball python!
The gnoll closely misses you.
You see here a ball python corpse. 2 gnolls come into view.
The gnoll shouts! x2
The gnoll hits you with a +0 halberd!
You hit the gnoll. You claw the gnoll. Your peck misses the gnoll.
The gnoll is moderately wounded.
The gnoll hits you with a +0 halberd.
You hit the gnoll. You claw the gnoll.
You kill the gnoll!
A gnoll comes into view. It is wielding a +0 spear.
The gnoll shouts!
The gnoll hits you with a +0 halberd!
You die...

...#### ##.## #......##
#...## ........# #PPP.#
........## #....#
.........##########....##
.........................
######.%#############...#
##.######## #####
#.)@gg....g #..........
#.......... #..........
###...##### ###.. ...
.### #######


You could see 3 gnolls.

Vanquished Creatures
  A gnoll (D:2)
  3 endoplasms (D:2)
  2 giant cockroaches (D:1)
  3 goblins (D:1)
  3 hobgoblins
  6 ball pythons
  2 bats (D:1)
  6 frilled lizards
  10 kobolds
  2 rats
38 creatures vanquished.

Vanquished Creatures (others)
  8 plants (D:1)
8 creatures vanquished.

Grand Total: 46 creatures vanquished

Notes
Turn   | Place    | Note
-------+----------+-------------------------------------------
     0 | D:1      | qw the Tengu Warper began the quest for the Orb.
     0 | D:1      | Reached XP level 1. HP: 12/12 MP: 4/4
     0 | D:1      | 0 ||| qw: Version: 0.1-a-89-g26bdef1
     0 | D:1      | 0 ||| qw: Game counter: 3231
     0 | D:1      | 0 ||| qw: Always use a shield: true
     0 | D:1      | 0 ||| qw: God list: Okawaru
     0 | D:1      | 0 ||| qw: Allow faded altars: false
     0 | D:1      | 0 ||| qw: Do Orc after D:15 true
     0 | D:1      | 0 ||| qw: Do second Lair branch before Depths: true
     0 | D:1      | 0 ||| qw: Lair rune preference: random
     0 | D:1      | 0 ||| qw: Plans: Normal
     0 | D:1      | 0 ||| PLANNING D:1-11
   262 | D:1      | 262 ||| Stepping ~*~*~tactically~*~*~ (stealth).
   273 | D:1      | Reached XP level 2. HP: 15/17 MP: 6/6
   275 | D:1      | Reached skill level 3 in Axes
   421 | D:1      | 421 ||| DROPPING +0 club.
   657 | D:1      | 657 ||| Stepping ~*~*~tactically~*~*~ (stealth).
   680 | D:1      | 680 ||| Stepping ~*~*~tactically~*~*~ (stealth).
   681 | D:1      | 681 ||| Stepping ~*~*~tactically~*~*~ (stealth).
   704 | D:1      | 704 ||| Stepping ~*~*~tactically~*~*~ (stealth).
   709 | D:1      | 709 ||| Stepping ~*~*~tactically~*~*~ (stealth).
   853 | D:1      | Reached XP level 3. HP: 21/21 MP: 7/7
  1030 | D:1      | Found a faded altar of an unknown god.
  1116 | D:1      | 1116 ||| UPGRADING to +0 chain mail.
  1126 | D:1      | 1126 ||| DROPPING +0 leather armour.
  1127 | D:1      | 1127 ||| READING scroll labelled HIPIVEA SELAN.
  1128 | D:1      | 1128 ||| DRINKING 2 metallic inky potions.
  1129 | D:1      | 1129 ||| DRINKING 2 clear potions.
  1130 | D:1      | 1130 ||| DROPPING scroll of blinking.
  1131 | D:1      | 1131 ||| DROPPING potion of brilliance.
  1253 | D:2      | Reached skill level 4 in Axes
  1423 | D:2      | 1423 ||| Stepping ~*~*~tactically~*~*~ (stealth).
  1425 | D:2      | 1425 ||| Stepping ~*~*~tactically~*~*~ (hiding).
  1426 | D:2      | 1426 ||| Stepping ~*~*~tactically~*~*~ (hiding).
  1433 | D:2      | Slain by a gnoll

Levels and vault maps discovered:
D:1:      wander_arrival_chamber, layout_loops_cross, basic_ecumenical_altar,
          lexackson_kobold_supper
D:2:      layout_basic, uniq_robin, uniq_crazy_yiuf_cottage

Skill      XL: |  1  2  3 |
---------------+----------+-----
Axes           | 3 4 |  4.3
Fighting       | |  2.0
Throwing       | |  1.0
Armour         | |  1.1
Dodging        | |  2.1
Spellcasting   | |  2.0
Translocations | |  2.4

Action                   || total
-------------------------++-------
Melee: Hand axe          ||    57
       Peck              ||     7
       Kick              ||     8
       Punch             ||     2
Throw: Boomerang         ||     7
       Javelin           ||    19
  Use: Potion            ||     2
       Scroll            ||     1
Armor: Leather armour    ||    10
Dodge: Dodged            ||    36

Table legend:
 A = Non-vault XP
 B = Vault XP
 C = Vault XP percentage of total XP
 D = Non-vault monster count
 E = Vault monster count
 F = Vault count percentage of total count
                 A         B        C        D         E       F
            +---------+---------+-------+---------+---------+-------
      Total |      56 |      11 |  16.4 |      30 |       8 |  21.1
            +---------+---------+-------+---------+---------+-------
        D:1 |      27 |      11 |  28.9 |      19 |       8 |  29.6
        D:2 |      29 |       0 |   0.0 |      11 |       0 |   0.0
            +---------+---------+-------+---------+---------+-------
